 Dungeon Crawl Stone Soup version 0.30-a0-457-g4b7bca3bfa (webtiles) character file.

Game seed: 13419593300727701608

77 ytrimaz the Magician (level 4, -1/24 HPs)
             Began as a Deep Elf Air Elementalist on Dec 13, 2022.
             Slain by Ijyb
             ... wielding a +0 dagger
              (4 damage)
             ... on level 3 of the Dungeon.
             The game lasted 00:04:13 (2619 turns).

ytrimaz the Magician (Deep Elf Air Elementalist)    Turns: 2619, Time: 00:04:14

Health: -1/24      AC:  2    Str:  4 (5)  XL:     4   Next: 14%
Magic:  0/12       EV: 12    Int: 20 (22) God:
Gold:   158        SH:  0    Dex: 12 (15) Spells: 10/11 levels left

rFire   . . .      SeeInvis .    (no weapon)
rCold   . . .      Faith    .    (no shield)
rNeg    . . .      Spirit   .    a - +0 robe
rPois   .          Reflect  .    (no helmet)
rElec   .          Harm     .    (no cloak)
rCorr   .          Rampage  .    (no gloves)
Will    .....                    (no boots)
Stlth   ++........               (no amulet)
HPRegen 0.24/turn                (no ring)
MPRegen 0.13/turn                (no ring)

@: very slightly contaminated, invisible
A: no striking features
a: no special abilities


You were on level 3 of the Dungeon.
You visited 1 branch of the dungeon, and saw 3 of its levels.

You collected 158 gold pieces.


   Skills:
 - Level 2.4 Dodging
 - Level 2.4 Stealth
 + Level 4.2 Spellcasting
 + Level 2.6 Conjurations
 + Level 3.8 Air Magic


You had 10 spell levels left.
You knew the following spells:

 Your Spells              Type           Power      Damage    Failure   Level
a - Shock                 Conj/Air       68%        1d7       3%          1

Your spell library contained the following spells:

 Spells                   Type           Power      Damage    Failure   Level
 Static Discharge         Conj/Air       34%        2-4/arc   4%          2
 Foxfire                  Conj/Fire      36%        2x1d5     8%          1
 Swiftness                Air            19%        N/A       8%          3
 Airstrike                Air            9%         2d(2-18)  26%         4
 Call Canine Familiar     Summ           4%         N/A       36%         3
 Portal Projectile        Hex/Tloc       8%         N/A       36%         3
 Tukima's Dance           Hex            4%         N/A       36%         3
 Leda's Liquefaction      Hex/Erth       2%         N/A       77%         4
 Fireball                 Conj/Fire      4%         3d4       90%         5
 Blade Hands              Tmut           2%         N/A       98%         5
 Starburst                Conj/Fire      4%         6d4       100%        6

Inventory:

Armour
 a - a +0 robe (worn)
Scrolls
 d - 2 scrolls of immolation

Dungeon Overview and Level Annotations

Branches:
Dungeon (3/15) Zot: 15380

Altars:
Elyvilon

Annotations:
D:3 Ijyb

+......................>.#.######
#..†########...#)##.##..##.......
#.......# #...#........########.
#....##.####...#..#.###.#
#....#..(...............#
........######.......#.##
.............#.....#.#.#
†......#####.#.#####.#.#
....#....# #..@g.....# .###...#.#
#####....## .# #.###.# .#### .#
#.# #.# .. .# #.###.## #.. .#
#......# ... .# #.....## ....
.###.###.# ..$.. .....# #.#


You could see Ijyb (unable to see you).


Message History

That beam is likely to hit you.
Continue anyway? [Y]es or [N]o only, please.
That beam is likely to hit you.
Continue anyway?
Okay, then.
Unknown command.
Unknown command.
Aiming: Shock (safe; 3% risk of failure)
Press: ? - help, Q - select action Shift-Dir - straight line, f/p - Ijyb
Aim: Ijyb, wielding a +0 dagger, wearing a +2 chain mail of fire resistance and carrying a wand of mindburst (10) (heavily wounded, 71% to hit)
That beam is likely to hit you.
Continue anyway? [Y]es or [N]o only, please.
That beam is likely to hit you.
Continue anyway?
Okay, then.
Ijyb attacks as you move away! Ijyb closely misses you. 😕 HP[+1]
Aiming: Shock (safe; 3% risk of failure)
Press: ? - help, Q - select action Shift-Dir - straight line, f/p - Ijyb
Aim: Ijyb, wielding a +0 dagger, wearing a +2 chain mail of fire resistance and carrying a wand of mindburst (10) (heavily wounded, 71% to hit)
The zap hits Ijyb!
Ijyb hits you with a +0 dagger. 😮 HP[-5] MP[-1]
You take 5 damage, and now have 14/24 hp.
MASSIVE DAMAGE!! (PAUSE)
You lost 1 mp, and now have 6/12 mp.
Unknown command.
Aiming: Shock (safe; 3% risk of failure)
Press: ? - help, Q - select action Shift-Dir - straight line, f/p - Ijyb
Aim: Ijyb, wielding a +0 dagger, wearing a +2 chain mail of fire resistance and carrying a wand of mindburst (10) (severely wounded, 71% to hit)
The zap hits Ijyb but does no damage.
Ijyb hits you with a +0 dagger.
* * * LOW HITPOINT WARNING * * *
😨 HP[-2]
You take 2 damage, and now have 12/24 hp.
Unknown command.
Aiming: Shock (safe; 3% risk of failure)
Press: ? - help, Q - select action Shift-Dir - straight line, f/p - Ijyb
Aim: Ijyb, wielding a +0 dagger, wearing a +2 chain mail of fire resistance and carrying a wand of mindburst (10) (severely wounded, 71% to hit)
You miscast Shock.
You are very lightly contaminated with residual magic.
Nothing appears to happen.
Ijyb hits you with a +0 dagger.
* * * LOW HITPOINT WARNING * * *
😱 HP[-6] MP[-1]
You take 6 damage, and now have 6/24 hp.
MASSIVE DAMAGE!! (PAUSE)
You lost 1 mp, and now have 5/12 mp.
Aiming: Shock (safe; 3% risk of failure)
Press: ? - help, Q - select action Shift-Dir - straight line, f/p - Ijyb
Aim: Ijyb, wielding a +0 dagger, wearing a +2 chain mail of fire resistance and carrying a wand of mindburst (10) (severely wounded, 71% to hit)
The zap hits Ijyb.
Ijyb barely misses you. 😱 MP[-1]
You lost 1 mp, and now have 4/12 mp.
Aiming: Shock (safe; 3% risk of failure)
Press: ? - help, Q - select action Shift-Dir - straight line, f/p - Ijyb
Aim: Ijyb, wielding a +0 dagger, wearing a +2 chain mail of fire resistance and carrying a wand of mindburst (10) (severely wounded, 71% to hit)
The zap hits Ijyb but does no damage.
Ijyb barely misses you. 😨 HP[+1] MP[-1]
You lost 1 mp, and now have 3/12 mp.
Aiming: Shock (safe; 3% risk of failure)
Press: ? - help, Q - select action Shift-Dir - straight line, f/p - Ijyb
Aim: Ijyb, wielding a +0 dagger, wearing a +2 chain mail of fire resistance and carrying a wand of mindburst (10) (severely wounded, 71% to hit)
The zap misses Ijyb.
Ijyb misses you. 😨 MP[-1]
You lost 1 mp, and now have 2/12 mp.
Unknown command.
Aiming: Shock (safe; 3% risk of failure)
Press: ? - help, Q - select action Shift-Dir - straight line, f/p - Ijyb
Aim: Ijyb, wielding a +0 dagger, wearing a +2 chain mail of fire resistance and carrying a wand of mindburst (10) (severely wounded, 71% to hit)
The zap misses Ijyb.
Ijyb hits you with a +0 dagger.
* * * LOW HITPOINT WARNING * * *
😱 HP[-1] MP[-1]
You take 1 damage, and now have 6/24 hp.
You lost 1 mp, and now have 1/12 mp.
Unknown command.
It was a potion of invisibility.
You fade into invisibility!
Ijyb hits you with a +0 dagger.
* * * LOW HITPOINT WARNING * * *
😱 HP[-4]
You take 4 damage, and now have 2/24 hp.
Unknown command.
Aiming: Shock (safe; 3% risk of failure)
Press: ? - help, Q - select action Shift-Dir - straight line, f/p - Ijyb
Aim: Ijyb, wielding a +0 dagger, wearing a +2 chain mail of fire resistance and carrying a wand of mindburst (10) (severely wounded, unable to see you, 71% to hit)
The zap hits Ijyb but does no damage.
Ijyb zaps a wand.
You barely resist.
Unknown command. 😱 HP[+1] Unknown command.
Aiming: Shock (safe; 3% risk of failure)
Press: ? - help, Q - select action Shift-Dir - straight line, f/p - Ijyb
Aim: Ijyb, wielding a +0 dagger, wearing a +2 chain mail of fire resistance and carrying a wand of mindburst (9) (severely wounded, unable to see you, 71% to hit)
The zap hits Ijyb but does no damage.
Ijyb hits you with a +0 dagger.
You die...

Skill      XL: |  1  2  3 |
---------------+----------+-----
Conjurations   | 2 |  2.6
Spellcasting   | 4 |  4.2
Dodging        | |  2.4
Stealth        | |  2.4
Air Magic      | |  3.8

Action                   |  1- 3 |  4- 6 || total
-------------------------+-------+-------++-------
Melee: Unarmed           |     2 |     1 ||     3
 Cast: Shock             |   110 |    16 ||   126
  Use: Potion            |     3 |     1 ||     4
       Scroll            |     2 |     1 ||     3
Armor: Robe              |     1 |     1 ||     2
Dodge: Dodged            |    20 |    12 ||    32

Levels and vault maps discovered:
D:1:      lemuel_arrival_hallway, layout_loops_ring
D:2:      layout_basic, serial_glass, glass_columns_c, glass_columns_c,
          minmay_circled_x
D:3:      layout_basic, mainiacjoe_overflow_tiny_flanked, lemuel_tele_altar,
          uniq_terence, uniq_ijyb

Notes
Turn   | Place    | Note
-------+----------+-------------------------------------------
     0 | D:1      | ytrimaz the Deep Elf Air Elementalist began the quest for
                  | the Orb.
     0 | D:1      | Reached XP level 1. HP: 10/10 MP: 6/6
     0 | D:1      | magus.rc [v1.9.6]
    64 | D:1      | HP: 1/10 [jackal (2)]
    66 | D:1      | Reached XP level 2. HP: 2/15 MP: 1/8
   297 | D:1      | You pick up a book of Weapons and begin reading...
   297 | D:1      | You add the spells Tukima's Dance, Portal Projectile and
                  | Blade Hands to your library.
   571 | D:1      | magus.rc [v1.9.6]
   622 | D:1      | Reached skill level 2 in Conjurations
   833 | D:1      | Reached XP level 3. HP: 19/19 MP: 2/10
  1408 | D:2      | You pick up a book of Fire and begin reading...
  1408 | D:2      | You add the spells Foxfire, Fireball and Starburst to your
                  | library.
  1502 | D:2      | Reached skill level 4 in Spellcasting
  1885 | D:2      | You pick up a book of the Hunter and begin reading...
  1885 | D:2      | You add the spells Call Canine Familiar and Leda's
                  | Liquefaction to your library.
  2304 | D:3      | Reached XP level 4. HP: 22/24 MP: 4/12
  2427 | D:3      | Found a white marble altar of Elyvilon.
  2603 | D:3      | Noticed Ijyb
  2612 | D:3      | HP: 6/24 [Ijyb/+0 dagger (6)]
  2617 | D:3      | HP: 2/24 [Ijyb/+0 dagger (4)]
  2619 | D:3      | Slain by Ijyb

Vanquished Creatures
  2 adders
  3 dart slugs
  An orc (D:3)
  5 bats
  4 endoplasms
  4 goblins
  2 hobgoblins (D:1)
  7 jackals (D:1)
  2 quokkas
  2 ball pythons
  9 frilled lizards
  4 kobolds
  7 rats
52 creatures vanquished.

Table legend:
 A = Non-vault XP
 B = Vault XP
 C = Vault XP percentage of total XP
 D = Non-vault monster count
 E = Vault monster count
 F = Vault count percentage of total count
                 A         B        C        D         E       F
            +---------+---------+-------+---------+---------+-------
      Total |     107 |       4 |   3.6 |      48 |       4 |   7.7
            +---------+---------+-------+---------+---------+-------
        D:1 |      44 |       0 |   0.0 |      28 |       0 |   0.0
        D:2 |      33 |       4 |  10.8 |      12 |       4 |  25.0
        D:3 |      30 |       0 |   0.0 |       8 |       0 |   0.0
            +---------+---------+-------+---------+---------+-------

Illustrated notes

Table legend:
 A = Kills in this place as a percentage of kills in entire the game.
 B = Kills by you in this place as a percentage of kills by you in the entire game.
 C = Kills by friends in this place as a percentage of kills by friends in the entire game.
 D = Other kills in this place as a percentage of other kills in the entire game.
 E = Experience gained in this place as a percentage of experience gained in the entire game.
 F = Experience gained in this place divided by the number of levels of this place that you have seen.
                   A       B       C       D       E      F
               +-------+-------+-------+-------+-------+----------------------
         Total | 100.0 | 100.0 |   N/A |   N/A | 100.0 |  37.0
       Dungeon | 100.0 | 100.0 |   N/A |   N/A | 100.0 |  37.0
               +-------+-------+-------+-------+-------+----------------------

Table legend: (Time is in decaauts)
 A = Elapsed time spent in this place.
 B = Non-inter-level travel time spent in this place.
 C = Inter-level travel time spent in this place.
 D = Time resting spent in this place.
 E = Time spent auto-exploring this place.
 F = Levels seen in this place.
 G = Mean time per level.
                   A        B        C        D        E       F      G
               +--------+--------+--------+--------+--------+-----+--------+
         Total |   2618 |   2591 |     27 |    249 |   2027 |   3 |  872.7 |
       Dungeon |   2618 |   2591 |     27 |    249 |   2027 |   3 |  872.7 |
               +--------+--------+--------+--------+--------+-----+--------+

Top non-repeatable levels by time:
     D:1: 1118 daAuts
     D:2: 1017 daAuts
     D:3: 482 daAuts
